 Dungeon Crawl Stone Soup version 0.31-a0-133-gaae73658be (webtiles) character file.

Game seed: 1412612467678275545

8822 Jackthecabe the Slicer (level 11, -5/74 HPs)
             Began as a Kobold Artificer on June 2, 2023.
             Was a Believer of Lugonu.
             Killed by divine providence
             ... invoked by an orc priest
              (12 damage)
             ... on level 9 of the Dungeon.
             The game lasted 00:21:51 (9371 turns).

Jackthecabe the Slicer (Kobold Artificer)           Turns: 9371, Time: 00:21:52

Health: -5/74      AC: 13    Str: 10    XL:     11   Next: 62%
Magic:  15/15      EV: 16    Int: 16    God:    Lugonu [**....]
Gold:   236        SH:  0    Dex: 22    Spells: 10/10 levels left

rFire   . . .        v - +2 rapier (flame)
rCold   . . .        (no shield)
rNeg    . . .        K - +0 swamp dragon scales
rPois   +            o - +2 helmet {Int+3}
rElec   .            (no cloak)
rCorr   +            q - +1 pair of gloves
SInv    +            B - +0 pair of boots
Will    .....        M - amulet of faith {!P}
Stlth   +++++        I - ring "Vousmuba" {Contam rCorr Dex+3 SInv}
HPRegen 0.32/turn    (no ring)
MPRegen 0.14/turn

%: faith
@: marked, slowed, very slow
A: small, no large weapons, nightstalker 3
a: Renounce Religion, Depart the Abyss, Banish


You were on level 9 of the Dungeon.
You worshipped Lugonu.
Lugonu was pleased with you.
You visited 2 branches of the dungeon, and saw 10 of its levels.

You collected 682 gold pieces.
You spent 446 gold pieces at shops.


Innate Abilities, Weirdness & Mutations

You are small and have problems with some larger weapons.
You are completely attuned to the shadows.


   Skills:
 + Level 11.0 Fighting
 - Level 14.0 Short Blades
 - Level 0.7 Armour
 - Level 6.0 Dodging
 - Level 8.0 Stealth
 - Level 6.0 Invocations
 - Level 4.0 Evocations


You had 10 spell levels left.
You didn't know any spells.
Your spell library contained the following spells:

 Spells                   Type           Power      Damage    Failure   Level
 Apportation              Tloc           0%         N/A       54%         1
 Magic Dart               Conj           0%         1d3       54%         1
 Necrotise                Necr           0%         1d4       54%         1
 Summon Small Mammal      Summ           0%         N/A       54%         1
 Call Imp                 Summ           0%         N/A       69%         2
 Scorch                   Fire           0%         2d5       69%         2
 Call Canine Familiar     Summ           0%         N/A       89%         3
 Mephitic Cloud           Conj/Pois/Air  0%         N/A       89%         3
 Portal Projectile        Hex/Tloc       0%         N/A       89%         3
 Flame Wave               Conj/Fire      0%         2d4       100%        4
 Leda's Liquefaction      Hex/Erth       0%         N/A       100%        4
 Summon Cactus Giant      Summ           0%         N/A       100%        6

Inventory:

Hand Weapons
 v - a +2 rapier of flaming (weapon)
Missiles
 p - 24 poisoned darts
Armour
 b - a +0 leather armour
 o - a +2 helmet of intelligence (worn)
 q - a +1 pair of gloves (worn)
 B - a +0 pair of boots (worn)
 C - an orb of guile
 K - +0 swamp dragon scales (worn)
Magical Staves
 L - a staff of fire {!a}
Jewellery
 I - the ring "Vousmuba" (left hand) {Contam rCorr Dex+3 SInv}
   (You bought it in a shop on level 7 of the Dungeon)

   [ring of resist corrosion]

   Dex:       It affects your dexterity (+3).
   SInv:      It lets you see invisible.
   Contam:    It causes magical contamination when unequipped.
   rCorr:     It protects you from acid and corrosion.
 M - an amulet of faith (around neck) {!P}
 O - an amulet of reflection
Wands
 a - a wand of polymorph (3)
 c - a wand of flame (30) (quivered)
 d - a wand of charming (20)
 e - a wand of iceblast (10)
 g - a wand of quicksilver (29)
 F - a wand of mindburst (6)
Scrolls
 f - 3 scrolls of immolation
 h - a scroll of torment {unknown}
 i - 2 scrolls of fog
 j - 5 scrolls of identify {unknown}
 k - a scroll of silence {unknown}
 t - 2 scrolls of summoning
 u - 2 scrolls of brand weapon
 w - a scroll of fear {unknown}
 x - 2 scrolls of teleportation {unknown}
 y - a scroll of blinking {unknown}
 D - 2 scrolls of enchant armour {unknown}
 E - a scroll of noise {unknown}
 G - a scroll of enchant weapon {unknown}
 J - 2 scrolls of amnesia {unknown}
 P - a scroll of magic mapping {unknown}
Potions
 l - a potion of attraction {unknown}
 m - 2 potions of curing {@q1}
 n - 2 potions of heal wounds {unknown}
 r - a potion of mutation {unknown}
 s - 2 potions of ambrosia {unknown}
 z - a potion of might {unknown}
 A - 2 potions of enlightenment {unknown}
 H - 2 potions of brilliance {unknown}
Miscellaneous
 N - a box of beasts (inert)

Dungeon Overview and Level Annotations

Branches:
Dungeon (9/15)             Temple (1/1) D:7
   Lair: D:8-11         Orc: D:9-12

Altars:
Ashenzari
Cheibriados
Dithmenos
Elyvilon
Gozag
Hepliaklqana
Kikubaaqudgha
Makhleb
Nemelex Xobeh
Okawaru
Qazlal
Ru
Sif Muna
Trog
Uskayaw
Vehumet
Wu Jian
Xom
Yredelemnul
Zin
The Shining One
Lugonu

Shops:
D:7 (=

Annotations:
D:1 exclusion: gnoll
D:3 1 runed translucent door, Crazy Yiuf
D:5 Grinder

#.....# .. ##.....####..
#...........#
#))†........#
#)..........#
#....§O9§§§.# ..#
#....§§WY§§.# ..#
#....§Y§lg§.# ..#.#
#....§@§o§..#
.##.#####.....####.....
.#..#...#.....#..#.....
.'..#...#.....#..'.....
.#..'...#.....#..#.....
.#..###'#.....####......#
.#..##.....#'###.........
.'...#.....#...#.........
.#...'.....'...'.........


You could see a wraith (distracted, ally target), an orc priest, 2 friendly yaks
and a friendly wyvern (summoned, slow).


Message History

The wraith hits your yak but does no damage.
The gnoll bouda closely misses your wyvern.
Something barely misses your wyvern.
Your yak completely misses the wraith.
Your yak gores the wraith!
Your Fighting skill increases to level 11!
Unknown command.
Unknown command.
Unknown command.
Unknown command.
Unknown command.
Unknown command.
Your wyvern barely misses the wraith.
The two-headed ogre hits your yak with a +0 dire flail! x2
Your yak dies!
Your yak's corpse dissolves into shadows!
The wraith hits your wyvern! The wraith drains your wyvern's vigour!
Your wyvern seems to slow down.
The gnoll bouda prays to its god.
The gnoll bouda is healed somewhat.
Your yak gores the wraith.
Your yak gores the wraith but does no damage.
Your wyvern closely misses the wraith.
Unknown command.
Unknown command.
The orc priest attacks as you move away!
The orc priest barely misses you. Something barely misses your yak.
The wraith closely misses your yak.
Your yak gores the wraith but does no damage.
The orc priest mumbles some strange prayers to Beogh against you.
Beogh smites you!
You die...

Skill      XL: |  1  2  3  4  5  6  7  8  9 10 11 |
---------------+----------------------------------+-----
Fighting       | 2 4 5 6 8 9 10 11 | 11.0
Evocations     | 4 |  4.0
Stealth        | 2 3 4 8 |  8.0
Short Blades   | 4 6 8 10 13 14 | 14.0
Dodging        | 4 6 |  6.0
Invocations    | 6 |  6.0
Armour         | |  0.7

Action                     |  1- 3 |  4- 6 |  7- 9 | 10-12 || total
---------------------------+-------+-------+-------+-------++-------
  Melee: Club              |    24 |       |       |       ||    24
         Dagger            |   144 |   177 |       |       ||   321
         Short sword       |     1 |       |       |       ||     1
         Punch             |       |     5 |     2 |     3 ||    10
         Rapier            |       |    31 |   195 |   156 ||   382
  Throw: Dart              |       |       |     1 |     4 ||     5
  Evoke: Wand              |     1 |       |     3 |     5 ||     9
         Box of beasts     |       |       |       |     1 ||     1
    Use: Scroll            |     1 |       |       |     3 ||     4
         Potion            |       |       |       |     1 ||     1
   Stab: Sleeping          |    14 |    20 |    16 |     4 ||    54
         Distracted        |       |       |     1 |     1 ||     2
 Armour: Leather armour    |    43 |    72 |    50 |       ||   165
         Swamp dragon scal |       |       |       |    39 ||    39
  Dodge: Dodged            |   129 |   128 |    94 |   116 ||   467

Levels and vault maps discovered:
D:1:      dpeg_arrival_round_b, layout_rooms, solitary_fountain,
          minmay_heptomino_w4
D:2:      layout_rooms, hellmonk_ecumenical_altar_inner_sanctum,
          dreamdust_mushroom_princess, uniq_jessica
D:3:      layout_basic, nemelex_spade_bored_becter, uniq_crazy_yiuf_cottage
D:4:      layout_loops_ring, kennysheep_little_box
D:5:      layout_loops_ring, mainiacjoe_overflow_catwalk, st_stairs_14,
          nicolae_concentric_dashed_squares_mild, uniq_duvessa, uniq_eustachio,
          uniq_edmund, uniq_sigmund, uniq_grinder
D:6:      layout_loops_cross, old_standard_altar, lemuel_crystal_altar,
          marbit_many_paths, nicolae_fountain_basement, uniq_menkaure
D:7:      layout_rooms, nicolae_overflow_two_pavilions,
          minmay_temple_entry_hall, serial_shops, nicolae_shop_hallway_stairs,
          nicolae_shop_just_a_little_nook, uniq_maggie
D:8:      layout_cave_pods, mainiacjoe_overflow_alcove_1, tso_oasis_becter,
          amcnicky_altar_gilded
D:9:      cheibrodos_ideogram_h, layout_gridville, elyvilon_altar_4,
          mainiacjoe_overflow_cross_hatched, uniq_harold
Temple:   corrupted_temple

Notes
Turn   | Place    | Note
-------+----------+-------------------------------------------
     0 | D:1      | Jackthecabe the Kobold Artificer began the quest for the
                  | Orb.
     0 | D:1      | Reached XP level 1. HP: 12/12 MP: 1/1
   183 | D:1      | Reached skill level 2 in Fighting
   183 | D:1      | Reached XP level 2. HP: 17/17 MP: 2/2
   276 | D:1      | Reached skill level 4 in Evocations
   381 | D:1      | Reached XP level 3. HP: 22/22 MP: 3/3
   518 | D:1      | Reached skill level 3 in Fighting
   813 | D:2      | Noticed Jessica
   897 | D:2      | Killed Jessica
   898 | D:2      | Reached skill level 4 in Fighting
   898 | D:2      | Reached skill level 2 in Stealth
   898 | D:2      | Reached XP level 4. HP: 9/29 MP: 4/4
  1310 | D:2      | Reached skill level 3 in Stealth
  1443 | D:2      | Found a faded altar of an unknown god.
  1559 | D:3      | Reached XP level 5. HP: 33/33 MP: 5/5
  1597 | D:3      | Found a sparkling altar of Nemelex Xobeh.
  1721 | D:3      | Reached skill level 4 in Stealth
  1816 | D:3      | Reached skill level 1 in Short Blades
  1946 | D:3      | Reached skill level 2 in Short Blades
  2197 | D:3      | Found a runed translucent door.
  2200 | D:3      | Noticed Crazy Yiuf
  2402 | D:2      | Reached skill level 3 in Short Blades
  3008 | D:4      | Noticed a black bear
  3010 | D:4      | Killed a black bear
  3011 | D:4      | Reached skill level 4 in Short Blades
  3011 | D:4      | Reached XP level 6. HP: 39/39 MP: 6/6
  3425 | D:4      | Identified the +8 chain mail of the Lizard {Rampage rF+
                  | Will- Str+5}
  3484 | D:4      | Reached skill level 5 in Fighting
  3598 | D:4      | Reached XP level 7. HP: 44/44 MP: 7/7
  3722 | D:4      | Found a bloodstained altar of Trog.
  3937 | D:5      | Entered Level 5 of the Dungeon
  3937 | D:5      | Noticed Sigmund
  3938 | D:5      | Killed Sigmund
  3939 | D:5      | Reached skill level 5 in Short Blades
  3958 | D:5      | Reached skill level 6 in Fighting
  4046 | D:5      | Noticed Grinder
  4146 | D:5      | Reached skill level 6 in Short Blades
  4146 | D:5      | Reached XP level 8. HP: 52/52 MP: 8/8
  4150 | D:5      | Found a shadowy altar of Dithmenos.
  4197 | D:5      | Noticed Dowan
  4269 | D:5      | Noticed Edmund
  4285 | D:5      | Killed Edmund
  4327 | D:5      | Noticed Duvessa
  4338 | D:5      | Killed Duvessa
  4339 | D:5      | Reached skill level 7 in Fighting
  4339 | D:5      | Reached skill level 7 in Short Blades
  4344 | D:5      | Killed Dowan
  4702 | D:5      | Noticed Eustachio
  4722 | D:5      | Killed Eustachio
  4723 | D:5      | Reached skill level 8 in Fighting
  4723 | D:5      | Reached skill level 8 in Short Blades
  5021 | D:6      | Found a radiant altar of Vehumet.
  5057 | D:6      | Reached skill level 3 in Dodging
  5113 | D:6      | Reached skill level 4 in Dodging
  5113 | D:6      | Reached XP level 9. HP: 59/59 MP: 9/9
  5130 | D:6      | Found a shimmering blue altar of Sif Muna.
  5166 | D:6      | Noticed a hornet
  5174 | D:6      | Killed a hornet
  5175 | D:6      | Reached skill level 5 in Dodging
  5387 | D:6      | Noticed Menkaure
  5393 | D:6      | Killed Menkaure
  5394 | D:6      | Reached skill level 6 in Dodging
  5450 | D:6      | Reached skill level 9 in Short Blades
  5758 | D:6      | Found a hazy altar of Hepliaklqana.
  6069 | D:7      | Reached skill level 10 in Short Blades
  6123 | D:7      | Found a staircase to the Ecumenical Temple.
  6129 | Temple   | Entered the Ecumenical Temple
  6160 | Temple   | Became a worshipper of Lugonu the Unformed
  6483 | D:7      | Found Wawnedwuish's Jewellery Emporium.
  6490 | D:7      | Bought the ring "Vousmuba" {Contam rCorr Dex+3 SInv} for
                  | 446 gold pieces
  6516 | D:7      | Found Ebetzaro's Weapon Emporium.
  6575 | D:7      | Reached skill level 9 in Fighting
  6614 | D:7      | Noticed Maggie
  6617 | D:7      | Killed Maggie
  6618 | D:7      | Reached XP level 10. HP: 68/68 MP: 10/10
  6691 | D:7      | Found a burning altar of Makhleb.
  6691 | D:7      | Found an iron altar of Okawaru.
  6700 | D:7      | Reached skill level 10 in Fighting
  6986 | D:8      | Found a snail-covered altar of Cheibriados.
  7044 | D:8      | Found a broken altar of Ashenzari.
  7178 | D:8      | Reached skill level 1 in Invocations
  7250 | D:8      | Reached skill level 2 in Invocations
  7588 | D:8      | Reached * piety under Lugonu
  7657 | D:8      | Found a glowing golden altar of the Shining One.
  7682 | D:8      | Noticed a two-headed ogre
  7861 | D:8      | Killed a two-headed ogre
  7862 | D:8      | Reached skill level 11 in Short Blades
  7862 | D:8      | Reached skill level 4 in Invocations
  8304 | D:9      | Found a white marble altar of Elyvilon.
  8383 | D:9      | Noticed a catoblepas
  8394 | D:9      | Killed a catoblepas
  8395 | D:9      | Reached skill level 5 in Invocations
  8680 | D:9      | Reached skill level 12 in Short Blades
  8719 | D:9      | Reached skill level 6 in Invocations
  8931 | D:9      | Noticed a boulder beetle
  9159 | D:8      | Killed a boulder beetle
  9160 | D:8      | Reached skill level 13 in Short Blades
  9160 | D:8      | Reached XP level 11. HP: 62/72 MP: 15/15
  9326 | D:9      | Noticed Harold
  9335 | D:9      | Noticed a two-headed ogre
  9340 | D:9      | Killed Harold
  9341 | D:9      | Reached skill level 14 in Short Blades
  9341 | D:9      | Reached skill level 6 in Stealth
  9348 | D:9      | Noticed a two-headed ogre
  9349 | D:9      | Killed a two-headed ogre
  9350 | D:9      | Reached skill level 7 in Stealth
  9354 | D:9      | Reached skill level 8 in Stealth
  9356 | D:9      | Killed a two-headed ogre
  9357 | D:9      | Noticed a two-headed ogre
  9364 | D:9      | Noticed a two-headed ogre
  9368 | D:9      | HP: 6/73 [gargoyle/stone arrow (12)]
  9368 | D:9      | Reached ** piety under Lugonu
  9369 | D:9      | Killed a two-headed ogre
  9370 | D:9      | Reached skill level 11 in Fighting
  9371 | D:9      | Killed from afar by an orc priest

Vanquished Creatures
  Harold (D:9)
  A catoblepas (D:9)
  2 two-headed ogres
  A boulder beetle (D:8)
  Maggie (D:7)
  A hornet (D:6)
  Sigmund (D:5)
  A shadow (D:9)
  A wraith (D:9)
  Eustachio (D:5)
  A yak (D:9)
  A wyvern (D:7)
  Edmund (D:5)
  Menkaure (D:6)
  Duvessa (D:5)
  3 orc warriors
  An ogre (D:6)
  2 black bears
  3 centaurs
  A phantom (D:6)
  2 kobold brigands
  10 bullfrogs
  A gnoll sergeant (D:9)
  Dowan (D:5)
  2 killer bees (D:9)
  2 electric eels (D:7)
  6 howler monkeys
  4 hounds
  2 jellies
  Jessica (D:2)
  An iguana (D:6)
  9 orc wizards
  3 gnolls (D:4)
  10 adders
  3 white imps
  A worm (D:3)
  3 dart slugs
  21 orcs
  10 bats
  7 endoplasms
  6 giant cockroaches
  3 hobgoblins (D:2)
  3 jackals (D:3)
  6 quokkas
  4 ball pythons
  2 frilled lizards (D:1)
  9 goblins
  10 kobolds
  7 rats
175 creatures vanquished.

Vanquished Creatures (collateral kills)
  2 two-headed ogres (D:9)
  A troll (D:9)
3 creatures vanquished.

Grand Total: 178 creatures vanquished

Table legend: (Time is in decaauts)
 A = Elapsed time spent in this place.
 B = Non-inter-level travel time spent in this place.
 C = Inter-level travel time spent in this place.
 D = Time resting spent in this place.
 E = Time spent auto-exploring this place.
 F = Levels seen in this place.
 G = Mean time per level.
                   A        B        C        D        E       F      G
               +--------+--------+--------+--------+--------+-----+--------+
         Total |   9285 |   8925 |    360 |   1486 |   5469 |  10 |  928.5 |
       Dungeon |   9239 |   8892 |    347 |   1486 |   5449 |   9 | 1026.6 |
        Temple |     45 |     32 |     13 |      0 |     20 |   1 |   45.0 |
               +--------+--------+--------+--------+--------+-----+--------+

Top non-repeatable levels by time:
     D:8: 1756 daAuts
     D:5: 1070 daAuts
     D:2: 1059 daAuts
     D:3: 986 daAuts
     D:1: 963 daAuts
     D:6: 948 daAuts
     D:4: 926 daAuts
     D:7: 866 daAuts
     D:9: 662 daAuts
  Temple: 45 daAuts

Table legend:
 A = Non-vault XP
 B = Vault XP
 C = Vault XP percentage of total XP
 D = Non-vault monster count
 E = Vault monster count
 F = Vault count percentage of total count
                 A         B        C        D         E       F
            +---------+---------+-------+---------+---------+-------
      Total |    5480 |    7123 |  56.5 |     144 |      34 |  19.1
            +---------+---------+-------+---------+---------+-------
        D:1 |      38 |      12 |  24.0 |      23 |       6 |  20.7
        D:2 |      91 |      37 |  28.9 |      19 |       1 |   5.0
        D:3 |      89 |       0 |   0.0 |      21 |       0 |   0.0
        D:4 |     348 |       0 |   0.0 |      22 |       0 |   0.0
        D:5 |     413 |     824 |  66.6 |      19 |       6 |  24.0
        D:6 |     666 |     277 |  29.4 |       8 |       2 |  20.0
        D:7 |     877 |     398 |  31.2 |      16 |       1 |   5.9
        D:8 |    1525 |     917 |  37.6 |      10 |       2 |  16.7
        D:9 |    1433 |    4658 |  76.5 |       6 |      16 |  72.7
            +---------+---------+-------+---------+---------+-------
